 Dungeon Crawl Stone Soup version 0.28.0-53-g5a82cb258f (webtiles) character file.

Game seed: 5399512743438145605

8 MiltankisOP the Ruffian (level 2, 29/29 HPs)
             Began as a Troll Monk on June 14, 2022.
             Was a Priest of Qazlal.
             Quit the game on level 1 of the Dungeon.
             The game lasted 00:00:32 (156 turns).

MiltankisOP the Ruffian (Troll Monk)                 Turns: 156, Time: 00:00:33

Health: 29/29      AC:  4    Str: 18    XL:     2   Next: 0%
Magic:  1/1        EV: 10    Int:  6    God:    Qazlal [***...]
Gold:   7          SH:  3    Dex: 12    Spells: 1/1 levels left

rFire   . . .      SeeInvis .     - Unarmed
rCold   . . .      Faith    .   (no shield)
rNeg    . . .      Spirit   .   a - +0 robe
rPois   .          Reflect  .   (helmet restricted)
rElec   .          Harm     .   (no cloak)
rCorr   .          Rampage  .   (gloves unavailable)
Will    .....                   (boots unavailable)
Stlth   +.........              (no amulet)
HPRegen 0.89/turn               (no ring)
MPRegen 0.07/turn               (no ring)

@: no status effects
A: large, unfitting armour, claws 3, regeneration 1, shaggy fur 1, tough skin 1
a: Renounce Religion, Upheaval, Elemental Force


You were on level 1 of the Dungeon.
You worshipped Qazlal.
Qazlal was most pleased with you.
You visited 1 branch of the dungeon, and saw 1 of its levels.

You collected 7 gold pieces.

Inventory:

Armour
 a - a +0 robe (worn)
Scrolls
 b - a scroll of vulnerability {unknown}


   Skills:
 + Level 2.6 Fighting
 - Level 2.4 Dodging
 - Level 1.0 Stealth
 + Level 3.3 Unarmed Combat


You had one spell level left.
You didn't know any spells.
Your spell library was empty.

Dungeon Overview and Level Annotations

Branches:
Dungeon (1/15)

Altars:
Qazlal


Innate Abilities, Weirdness & Mutations

You are too large for most types of armour.
You have claws for hands.
Your natural rate of healing is unusually fast.
You are covered in fur. (AC +1)
You have tough skin. (AC +1)


Message History

Qazlal accepts your kill.
No target in view!
No target in view!
No target in view!
Found a stone staircase leading down.
No target in view!
No target in view!
No target in view!
No target in view!
No target in view!
No target in view!
No target in view!
No target in view!
No target in view!
No target in view!
No target in view!
No target in view!
No target in view!
No target in view!
No target in view!
No target in view!
No target in view!
No target in view!
You hear an angry hiss.
A bat comes into view.
A frilled lizard comes into view.
The bat moves out of view.
The frilled lizard closely misses you.
You scratch the frilled lizard.
You kill the frilled lizard!
Qazlal accepts your kill. The bat closely misses you.
You see here a frilled lizard corpse.
You barely miss the bat. The bat closely misses you.
The bat hits you but does no damage.
You claw the bat!
You kill the bat!
Qazlal accepts your kill.
You can now give life to nearby clouds.
You have reached level 2!
Unknown command.
Are you sure you want to abandon this character and quit the game? (Confirm with "yes".)

.....########.########>#
###....................#
#..†.######†#...#....###
#.##.# ###.#...#.......
###.##.# #...........#
....##.# ##.#.........#
##..##.#
...........#.### #..##.#
###....°........
##..##.# ...###@#....###
.....#.# #### #.#.......
##...#.# ..###.#..#
...... .... .....
##..... #.### .#..#
#...... .. ..# .#. .#
###


There were no monsters in sight!

Vanquished Creatures
  An endoplasm (D:1)
  A goblin (D:1)
  A hobgoblin (D:1)
  A ball python (D:1)
  3 bats (D:1)
  A frilled lizard (D:1)
  A rat (D:1)
9 creatures vanquished.

Notes
Turn   | Place    | Note
-------+----------+-------------------------------------------
     0 | D:1      | MiltankisOP the Troll Monk began the quest for the Orb.
     0 | D:1      | Reached XP level 1. HP: 22/22 MP: 0/0
    50 | D:1      | Found a faded altar of an unknown god.
    58 | D:1      | Prayed at the altar of an unknown god.
    58 | D:1      | Became a worshipper of Qazlal Stormbringer
    58 | D:1      | Reached * piety under Qazlal
    58 | D:1      | Reached ** piety under Qazlal
   155 | D:1      | Reached *** piety under Qazlal
   156 | D:1      | Reached XP level 2. HP: 29/29 MP: 1/1
   156 | D:1      | Quit the game

Illustrated notes

Levels and vault maps discovered:
D:1:      lordsloth_arrival_two_stooges, layout_basic,
          dreamdust_ecumenical_altar_statues

Action                   || total
-------------------------++-------
Melee: Unarmed           ||    15
Armor: Robe              ||     8
Dodge: Dodged            ||     7
Block: Other             ||     3
